 Dungeon Crawl Stone Soup version 0.31-a0-360-gb3e1d13bf4 (webtiles) character file.

Game seed: 4096514272694896870

41804 Newt the Grappler (level 13, -3/110 (111) HPs)
             Began as a White Draconian Shapeshifter on July 26, 2023.
             Was an Elder of the Shining One.
             Slain by a death scarab (18 damage)
             ... in a Gauntlet.
             The game lasted 00:23:14 (17489 turns).

Newt the Grappler (White Draconian Shapeshifter)   Turns: 17489, Time: 00:23:15

HP:   -3/110 (111)  AC: 15    Str: 32    XL:     13   Next: 82%
MP:   18/18         EV: 14    Int:  9    God:    the Shining One [****..]
Gold: 2051          SH:  0    Dex: 14    Spells: 12/12 levels left

rFire   . . .        D - melded +5 long sword
rCold   + . .        (shield currently unavailable)
rNeg    + + .        (body armour unavailable)
rPois   .            W - +1 hat
rElec   .            (no cloak)
rCorr   .            (gloves currently unavailable)
SInv    .            H - +1 pair of boots of Happy Babbling {Str+4 Dex+2}
Will    .....        N - amulet of regeneration
Stlth   +            k - +4 ring of protection
HPRegen 1.18/turn    I - +6 ring of strength
MPRegen 0.16/turn

%: no teleportation
@: blade hands, hasted and slowed, glowing, lightly drained
A: breathe frost, AC +8, unfitting armour, cold resistance 1, cold-blooded
a: Breathe Frost, Begin Untransformation, Renounce Religion, Divine Shield,
Cleansing Flame


You were in a Gauntlet.
You worshipped the Shining One.
The Shining One was greatly pleased with you.
You had blades for hands.
You visited 3 branches of the dungeon, and saw 16 of its levels.
You also visited: Sewer, Bailey, Gauntlet and Ice Cave.

You collected 2051 gold pieces.

Inventory:

Hand Weapons
 j - a +0 hand axe of flaming
 D - a +5 long sword (melded)
 T - a +0 battleaxe of freezing
Missiles
 c - 3 silver boomerangs
 s - 34 poisoned darts
 B - 18 boomerangs
Armour
 H - the +1 pair of boots of Happy Babbling (worn) {Str+4 Dex+2}
   (You acquired it on level 7 of the Dungeon)

   Str:       It affects your strength (+4).
   Dex:       It affects your dexterity (+2).
 V - a +2 tower shield of cold resistance
 W - a +1 hat (worn)
Jewellery
 d - an amulet of reflection
 g - an amulet of the acrobat
 k - a +4 ring of protection (left blade hand)
 A - a +6 ring of intelligence
 C - a ring of magical power
 F - an amulet of faith
 I - a +6 ring of strength (right blade hand)
 K - a ring of flight
 N - an amulet of regeneration (around neck)
 P - a ring of wizardry
Talismans
 b - a beast talisman
 u - a blade talisman
Wands
 m - a wand of iceblast (7)
 v - a wand of flame (25)
 y - a wand of charming (7)
 E - a wand of polymorph (2)
 M - a wand of digging (15)
 O - a wand of quicksilver (6)
Scrolls
 o - 3 scrolls of enchant weapon
 r - 5 scrolls of teleportation
 t - 2 scrolls of fog
 x - 2 scrolls of amnesia
 J - a scroll of blinking
 L - a scroll of brand weapon
 Q - 2 scrolls of silence
 R - 3 scrolls of identify
 X - a scroll of fear
 Y - a scroll of enchant armour
Potions
 a - 3 potions of lignification
 e - 3 potions of haste
 f - 3 potions of might
 h - 2 potions of curing
 i - 2 potions of attraction
 l - 2 potions of invisibility
 n - 2 potions of resistance
 p - 3 potions of magic
 q - 5 potions of brilliance
 w - 2 potions of cancellation
 z - 3 potions of degeneration
Miscellaneous
 U - a phial of floods
 Z - a phantom mirror


   Skills:
 - Level 9.0 Fighting
 - Level 2.3 Long Blades
 - Level 5.2 Axes
 - Level 6.0 Dodging
 - Level 13.0 Unarmed Combat
 - Level 7.0 Invocations
 + Level 5.6 Evocations
 - Level 13.0 Shapeshifting


You had 12 spell levels left.
You didn't know any spells.
Your spell library contained the following spells:

 Spells                   Type           Power      Damage    Failure   Level
 Magic Dart               Conj           0%         1d3       80%         1
 Call Imp                 Summ           0%         N/A       88%         2
 Gell's Gravitas          Tloc           0%         N/A       97%         3
 Mephitic Cloud           Conj/Pois/Air  0%         N/A       97%         3
 Teleport Other           Tloc           0%         N/A       97%         3
 Leda's Liquefaction      Hex/Erth       0%         N/A       100%        4
 Fireball                 Conj/Fire      0%         3d3       100%        5
 Iskenderun's Battlesphe  Conj           0%         2d6       100%        5
 Lee's Rapid Deconstruct  Erth           0%         3d4*      100%        5
 Summon Forest            Summ/Tloc      0%         N/A       100%        5
 Conjure Ball Lightning   Conj/Air       0%         3x3d6     100%        6
 Dispersal                Tloc           0%         N/A       100%        6
 Eringya's Noxious Bog    Tmut/Pois      0%         4d6       100%        6
 Leda's Unmaking          Conj/Erth      0%         9d1       100%        6
 Orb of Destruction       Conj           0%         9d5       100%        7
 Summon Hydra             Summ           0%         N/A       100%        7


Dungeon Overview and Level Annotations

Branches:
Dungeon (12/15)            Temple (1/1) D:7            Lair (3/5) D:11
 Shoals (0/4) Lair:2        Snake (0/4) Lair:2          Orc (0/2) D:10
  Sewer (visited)          Bailey (visited)           IceCv (visited)
Gauntlet (1/1)

Altars:
Ashenzari
Cheibriados
Dithmenos
Elyvilon
Fedhas
Gozag
Hepliaklqana
Kikubaaqudgha
Makhleb
Nemelex Xobeh
Okawaru
Qazlal
Ru
Sif Muna
Trog
Uskayaw
Vehumet
Wu Jian
Xom
Yredelemnul
Zin
The Shining One

Shops:
D:12 [

Annotations:
D:8 2 transporters, knightboat's ghost, novice GnSh Gauntlet 11 transporters


Innate Abilities, Weirdness & Mutations

You have blades for hands.
Your spellcasting is less reliable in this form.
You are incapable of wielding weapons or throwing items.
You can breathe waves of freezing cold which knock back foes.
Your icy white scales are hard. (AC +8)
You cannot fit into any form of body armour.
Your flesh is cold resistant. (rC+)
You are cold-blooded and may be slowed by cold attacks.


Message History

* * * LOW HITPOINT WARNING * * *
The death scarab drains your vigour!
You feel as though you will be slow longer.
The death scarab draws strength from your injuries!
The spectral death yak gores you!
* * * LOW HITPOINT WARNING * * *
You partially resist.
You feel drained.
* * * LOW HITPOINT WARNING * * *
Unknown command.
Blink to where?
Press: ? - help, Dir - move target
As you read the scroll of blinking, it crumbles to dust.
You feel much better.
The spectral black mamba bites you but does no damage.
The death scarab completely misses you.
The spectral black mamba bites you but does no damage.
You are confused.
You feel invigorated. The death scarab bites you!
* * * LOW HITPOINT WARNING * * *
The death scarab drains your vigour!
You feel as though you will be slow longer.
The death scarab draws strength from your injuries!
The death scarab completely misses you. The spectral black mamba misses you.
The death scarab bites you!
* * * LOW HITPOINT WARNING * * *
The death scarab draws strength from your injuries!
The spectral black mamba misses you.
Unknown command.
Unknown command.
Unknown command.
You are too confused!
You are too confused!
You feel yourself speed up.
You feel less invigorated.
You feel less confused.
The death scarab bites you but does no damage.
The spectral black mamba closely misses you.
The death scarab closely misses you.
The spectral black mamba closely misses you.
The death scarab bites you!!
You die...

.#W..^....W#...#....#Z.B.#..#
.#W#^#.#.#^#.∩.#...#.#...#..###
##..#.#.#..#...#..#.Z.#..#..#8#
.#.#^#.#.#^#...#.#..#Z.#.#..###
©#..#.©.#..#...##..#.#..##..#
.#.#.#.#^#W#...#..#..P#..#..###
##..#^#^#.W#...#.#Z.#..#.#..#8#
.#.#^#.#.#.#...##ZZ#.#..##..###
.#..|.©?.^.#...#@B#.©.#:"#..#
.###########...###########..###
.............≈....#.©.#.....#8#
≈...........§8≈...#...#.8...###
.............§....#.©.#.....#
.###########§..###########..###
.##...hh.p##§§.#bb......b#..#8#
.#.#...hh#h#...#h#.....#h#..###
##..#...#..#...#h^#####..#..#


You could see a hell hog, 2 spectral black mambas, a spectral death yak, a
spectral cane toad, a necromancer, a death scarab, 2 shadows, 2 fire bats and a
wolf.

Vanquished Creatures
  Gastronok (D:12)
  A frost giant (IceCv)
  An orc warlord (Bailey)
  A fire dragon (D:9)
  2 hydras (Lair:2)
  Erica (D:8)
  3 two-headed ogres
  10 death yaks
  A skyshark (Lair:3)
  2 ugly things
  4 manticores
  2 merfolk sirens (Lair:2)
  2 black mambas
  An ice statue (IceCv)
  7 cane toads
  9 rime drakes
  2 komodo dragons
  4 unseen horrors
  A troll (D:9)
  5 polar bears
  A hornet (D:9)
  3 blink frogs (Lair:1)
  4 slime creatures (D:11)
  2 wraiths
  2 wyverns
  3 basilisks
  51 yaks
  2 vampire mosquitoes (D:12)
  A steam dragon (D:7)
  5 acid dragons
  3 nagas (Lair:2)
  Edmund (D:5)
  5 water moccasins
  2 ice beasts
  A sky beast (D:6)
  3 black bears
  6 orc warriors
  2 ogres
  9 wolves (IceCv)
  2 centaurs (D:9)
  8 kobold brigands
  8 bullfrogs
  4 scorpions
  A gnoll sergeant (D:11)
  11 wights
  17 killer bees
  4 howler monkeys
  A gnoll bouda (D:3)
  5 orc priests
  Terence (D:3)
  2 iguanas
  9 orc wizards
  16 gnolls
  9 adders
  A river rat (D:3)
  A shadow imp (D:7)
  An ufetubus (D:6)
  2 worms
  3 dart slugs
  17 orcs
  6 bats
  10 endoplasms
  5 giant cockroaches
  3 goblins
  9 hobgoblins
  A jackal (D:1)
  2 quokkas
  12 ball pythons
  5 frilled lizards
  40 kobolds
  8 rats
390 creatures vanquished.

Vanquished Creatures (others)
  A kobold (D:7)
1 creature vanquished.

Grand Total: 391 creatures vanquished

Notes
Turn   | Place    | Note
-------+----------+-------------------------------------------
     0 | D:1      | Newt the Draconian Shapeshifter began the quest for the
                  | Orb.
     0 | D:1      | Reached XP level 1. HP: 16/16 MP: 1/1
   242 | D:1      | Reached XP level 2. HP: 22/25 MP: 2/2
   756 | D:2      | Reached XP level 3. HP: 29/31 MP: 3/3
   772 | D:2      | Found a basalt altar of Yredelemnul.
  1287 | D:3      | Noticed Terence
  1305 | D:3      | Killed Terence
  1306 | D:3      | Reached XP level 4. HP: 37/38 MP: 4/4
  1490 | D:3      | Found a glowing drain.
  1502 | Sewer    | Entered a sewer
  1570 | Sewer    | Reached XP level 5. HP: 41/45 MP: 5/5
  1824 | Sewer    | Reached skill level 5 in Shapeshifting
  1824 | Sewer    | Reached XP level 6. HP: 40/51 MP: 6/6
  2714 | D:3      | Reached skill level 1 in Axes
  2714 | D:3      | Your scales start taking on an icy white colour.
  2714 | D:3      | Reached XP level 7. HP: 57/57 MP: 7/7
  2714 | D:3      | Gained mutation: Your flesh is cold resistant. (rC+) [White
                  | Draconian growth]
  3381 | D:4      | Reached skill level 5 in Fighting
  3701 | D:5      | Entered Level 5 of the Dungeon
  4305 | D:5      | Reached XP level 8. HP: 58/70 MP: 8/8
  4473 | D:5      | Noticed Edmund
  4494 | D:5      | Killed Edmund
  4760 | D:6      | Reached skill level 5 in Axes
  4867 | D:6      | Reached skill level 1 in Long Blades
  5739 | D:7      | Identified a scroll of acquirement
  5739 | D:7      | Acquired the +1 pair of boots of Happy Babbling {Str+4
                  | Dex+2}
  5846 | D:7      | Found a staircase to the Ecumenical Temple.
  5889 | Temple   | Entered the Ecumenical Temple
  5962 | Temple   | Became a worshipper of the Shining One
  6502 | D:7      | Acquired a +6 ring of strength
  6582 | D:7      | Reached XP level 9. HP: 73/75 MP: 9/9
  7774 | D:8      | Reached skill level 5 in Unarmed Combat
  7790 | D:8      | Reached XP level 10. HP: 48/83 MP: 10/10
  8086 | D:8      | Found a transporter.
  8088 | D:8      | Noticed a cyclops
  8143 | D:8      | Noticed Erica
  8151 | D:8      | Killed Erica
  8216 | D:8      | Reached * piety under the Shining One
  8222 | D:8      | Noticed knightboat's ghost (novice GnSh)
  8281 | D:8      | Found a transporter.
  8659 | D:9      | Found a flagged portal.
  8665 | D:9      | You fall into a shaft and drop 1 floor!
  8665 | D:10     | Entered Level 10 of the Dungeon
  8684 | Bailey   | Entered a bailey
  8689 | Bailey   | Noticed an orc warlord
  8782 | Bailey   | Found a runed translucent gate.
  8782 | Bailey   | Found a runed translucent gate.
  8782 | Bailey   | Found a runed translucent gate.
  9273 | Bailey   | Killed an orc warlord
  9301 | D:9      | Acquired 1083 gold pieces
  9424 | D:9      | Noticed a two-headed ogre
  9428 | D:9      | Killed a two-headed ogre
  9429 | D:9      | Reached skill level 5 in Invocations
  9736 | D:9      | Reached XP level 11. HP: 32/89 MP: 16/16
 10067 | D:9      | Reached skill level 5 in Dodging
 10094 | D:9      | Reached ** piety under the Shining One
 10164 | D:9      | Noticed a fire dragon
 10416 | D:9      | Identified the +0 quarterstaff of Distant Shores {freeze,
                  | Will+ Str+2 Int+4 Stlth+}
 10486 | D:9      | Killed a fire dragon
 11174 | D:10     | Found a stormy altar of Qazlal.
 11189 | D:10     | Noticed a two-headed ogre
 11194 | D:10     | Killed a two-headed ogre
 11292 | D:10     | Found an opulent altar of Gozag.
 11298 | D:10     | Found a shimmering blue altar of Sif Muna.
 11298 | D:10     | Found a sacrificial altar of Ru.
 11311 | D:10     | Found an iron altar of Okawaru.
 11314 | D:10     | Found a glowing silver altar of Zin.
 11383 | D:10     | Found a staircase to the Orcish Mines.
 11950 | D:11     | Found a staircase to the Lair.
 11950 | D:11     | Noticed a death yak
 11961 | D:11     | Killed a death yak
 11962 | D:11     | Reached skill level 10 in Unarmed Combat
 11964 | D:11     | HP: 1/97 [manticore (11)]
 12447 | D:11     | Reached XP level 12. HP: 51/104 MP: 17/17
 12678 | D:11     | Noticed a two-headed ogre
 12687 | D:11     | Killed a two-headed ogre
 13055 | Lair:1   | Entered Level 1 of the Lair of Beasts
 13108 | Lair:1   | Found a frozen archway.
 13119 | IceCv    | Entered an ice cave
 13119 | IceCv    | Reached *** piety under the Shining One
 13138 | IceCv    | Noticed a death yak
 13140 | IceCv    | Noticed a death yak
 13152 | IceCv    | Killed a death yak
 13157 | IceCv    | Killed a death yak
 13460 | IceCv    | Noticed a death yak
 13461 | IceCv    | Noticed a death yak
 13467 | IceCv    | Killed a death yak
 13472 | IceCv    | Killed a death yak
 13876 | IceCv    | Noticed a death yak
 13888 | IceCv    | Killed a death yak
 13889 | IceCv    | Reached skill level 10 in Shapeshifting
 13910 | IceCv    | Noticed a death yak
 13913 | IceCv    | Noticed a death yak
 13916 | IceCv    | Noticed a death yak
 13920 | IceCv    | Killed a death yak
 13923 | IceCv    | Killed a death yak
 13927 | IceCv    | Killed a death yak
 13980 | IceCv    | Noticed a death yak
 13980 | IceCv    | Noticed a frost giant
 14011 | IceCv    | Killed a frost giant
 14012 | IceCv    | Reached XP level 13. HP: 97/111 MP: 18/18
 14623 | Lair:1   | Identified the +0 ring mail of Zetzybos {+Blink rF+}
 15152 | Lair:2   | Found a staircase to the Snake Pit.
 16017 | Lair:2   | Found a staircase to the Shoals.
 16335 | Lair:3   | Reached skill level 1 in Evocations
 17176 | D:12     | Noticed Gastronok
 17191 | D:12     | Reached skill level 5 in Evocations
 17196 | D:12     | Killed Gastronok
 17223 | D:12     | Found Akajozif's Armour Emporium.
 17250 | D:12     | Reached **** piety under the Shining One
 17277 | D:12     | Found a gate leading to a gauntlet.
 17282 | Gauntlet | Entered a Gauntlet
 17282 | Gauntlet | Found a transporter.
 17282 | Gauntlet | Found a transporter.
 17283 | Gauntlet | Found a transporter.
 17285 | Gauntlet | Found a transporter.
 17286 | Gauntlet | Found a transporter.
 17298 | Gauntlet | Found a transporter.
 17362 | Gauntlet | Found a transporter.
 17372 | Gauntlet | Found a transporter.
 17387 | Gauntlet | Found a transporter.
 17397 | Gauntlet | Found a transporter.
 17412 | Gauntlet | Found a transporter.
 17418 | Gauntlet | Found a transporter.
 17485 | Gauntlet | HP: 4/111 [spectral death yak (11)]
 17489 | Gauntlet | Slain by a death scarab

Illustrated notes

Levels and vault maps discovered:
D:1:      amcnicky_arrival_underground_garden, layout_rooms, minmay_surrounded
D:2:      layout_rooms, basic_altar
D:3:      layout_rooms, gup_sewer_entry_bubbles, chequers_hall_statues_wall_a,
          uniq_terence
D:4:      layout_loops_ring
D:5:      layout_gridville, serial_bayou_crossing, uniq_edmund
D:6:      layout_rooms, chequers_serial_rivers_micro_c
D:7:      layout_loops_ring, minmay_temple_entry_nine_rooms
D:8:      layout_loops_ring, nzn_ghost_randoct, uniq_erica
D:9:      minmay_chambers_of_sevens, layout_stronghold, enter_bailey_6
D:10:     layout_basic, mainiacjoe_overflow_catwalk,
          minmay_overflow_temple_star_hex, orc_0_dummy
D:11:     layout_cave_pools, david_lair_generic, grunt_decor_mini_mirrors,
          minivault_16
D:12:     layout_loops_ring, serial_aquarium, aquarium_bridge_straight
          [aquarium_subvault_bridge, aquarium_subvault_window,
          aquarium_subvault_bridge, aquarium_subvault_wall],
          aquarium_bridge_straight [aquarium_subvault_bridge,
          aquarium_subvault_wall, aquarium_subvault_bridge,
          aquarium_subvault_wall], aquarium_window_corner, aquarium_window_1,
          aquarium_view_2f, aquarium_pool_1, serial_shops,
          nicolae_shop_pleasant_corner_grove, gauntlet_entry_generic,
          led_xom_imps, uniq_rupert, uniq_gastronok
Temple:   minmay_temple_bridge_d
Lair:1:   layout_concentric_octagons, portal_ice_cave_entry_pillars_2
Lair:2:   layout_loops_ring, elwin_shoals_entry_rooms,
          minmay_snake_entry_guardpost_small
Lair:3:   layout_cave_pods, chequers_serial_rivers_micro_a, serial_bayou_shore_b
Gauntlet: gammafunk_gauntlet_shortcut [gammafunk_gauntlet_arena_arrow_garden,
          nicolae_gauntlet_arena_blocks, gammafunk_gauntlet_arena_grid,
          gammafunk_gauntlet_arena_open, gammafunk_gauntlet_arena_spirals,
          nicolae_gauntlet_arena_x, dreamdust_gauntlet_exit_labyrinth]

Skill      XL: |  1  2  3  4  5  6  7  8  9 10 11 12 13 |
---------------+----------------------------------------+-----
Fighting       | 2 3 6 9 |  9.0
Dodging        | 2 3 6 |  6.0
Shapeshifting  | 5 6 7 9 11 13 | 13.0
Axes           | 1 3 5 |  5.2
Long Blades    | 2 |  2.3
Unarmed Combat | 6 9 10 13 | 13.0
Invocations    | 7 |  7.0
Evocations     | 5 |  5.6

Action                     |  1- 3 |  4- 6 |  7- 9 | 10-12 | 13-15 || total
---------------------------+-------+-------+-------+-------+-------++-------
  Melee: Unarmed           |    66 |       |    21 |   424 |   191 ||   702
         Tailslap          |    11 |    17 |    36 |    82 |    30 ||   176
         Hand axe          |    45 |   118 |    89 |       |       ||   252
         Punch             |     2 |     2 |     3 |    30 |    16 ||    53
         Long sword        |       |       |   117 |       |       ||   117
  Throw: Dart              |       |       |     3 |       |       ||     3
 Invoke: Divine Shield     |       |       |       |     2 |       ||     2
Ability: Breathe Frost     |       |       |     9 |     7 |     3 ||    19
  Evoke: Wand              |       |       |     3 |       |       ||     3
    Use: Scroll            |     5 |     1 |     8 |    12 |     2 ||    28
         Potion            |     1 |     1 |     3 |     9 |     3 ||    17
   Stab: Sleeping          |     1 |     1 |     1 |       |       ||     3
 Armour: Skin              |    40 |    54 |   106 |   150 |    60 ||   410
  Dodge: Dodged            |    64 |    76 |   146 |   255 |   125 ||   666
  Block: Other             |     8 |    30 |    49 |    61 |       ||   148
         Reflection        |       |       |     1 |     3 |       ||     4
   Form: Blade             |       |       |     1 |       |       ||     1

Table legend: (Time is in decaauts)
 A = Elapsed time spent in this place.
 B = Non-inter-level travel time spent in this place.
 C = Inter-level travel time spent in this place.
 D = Time resting spent in this place.
 E = Time spent auto-exploring this place.
 F = Levels seen in this place.
 G = Mean time per level.
                   A        B        C        D        E       F      G
               +--------+--------+--------+--------+--------+-----+--------+
         Total |  17510 |  16846 |    664 |   4451 |   9501 |  20 |  875.5 |
       Dungeon |  11755 |  11377 |    378 |   2971 |   6447 |  12 |  979.6 |
        Temple |    146 |      5 |    141 |      0 |      0 |   1 |  146.0 |
          Lair |   2932 |   2788 |    144 |    178 |   2330 |   3 |  977.3 |
         Sewer |    816 |    816 |      0 |    465 |    192 |   1 |  816.0 |
        Bailey |    602 |    602 |      0 |    322 |    103 |   1 |  602.0 |
      Ice Cave |   1048 |   1048 |      0 |    515 |    270 |   1 | 1048.0 |
      Gauntlet |    208 |    208 |      0 |      0 |    158 |   1 |  208.0 |
               +--------+--------+--------+--------+--------+-----+--------+

Top non-repeatable levels by time:
     D:9: 1936 daAuts
     D:6: 1438 daAuts
     D:7: 1274 daAuts
  Lair:2: 1153 daAuts
     D:8: 1068 daAuts
   IceCv: 1048 daAuts
     D:5: 984 daAuts
     D:4: 977 daAuts
    D:10: 967 daAuts
    D:11: 925 daAuts
  Lair:3: 911 daAuts
  Lair:1: 867 daAuts
   Sewer: 816 daAuts
     D:3: 744 daAuts
     D:1: 670 daAuts
